 Seeded DCSS version 0.28-a0-1506-g3893175d92 (webtiles) character file.

Game seed: 20220114 (custom seed)

452 a11behringer the Chopper (level 6, 0/53 HPs)
             Began as a Minotaur Fighter on Jan 14, 2022.
             Succumbed to Sigmund's poison
             ... on level 4 of the Dungeon.
             The game lasted 00:06:01 (2026 turns).

a11behringer the Chopper (Minotaur Fighter)         Turns: 2026, Time: 00:06:01

Health: 0/53       AC: 10    Str: 23    XL:     6   Next: 75%
Magic:  5/5        EV: 10    Int:  5    God:
Gold:   111        SH:  4    Dex:  9    Spells: 5/5 levels left

rFire   + . .      SeeInvis .   a - +0 war axe
rCold   . . .      Faith    .   c - +0 buckler
rNeg    . . .      Spirit   .   k - +3 ring mail {rF+}
rPois   .          Reflect  .   (helmet restricted)
rElec   .          Harm     .   (no cloak)
rCorr   +          Rampage  .   (no gloves)
Will    .....                   q - +0 pair of boots
Stlth   ..........              (no amulet)
HPRegen 0.17/turn               f - ring of resist corrosion
MPRegen 0.09/turn               (no ring)

@: lethally poisoned (0 -> -11)
A: horns 2, retaliatory headbutt
a: no special abilities


You were on level 4 of the Dungeon.
You visited 1 branch of the dungeon, and saw 5 of its levels.

You collected 111 gold pieces.

Inventory:

Hand Weapons
 a - a +0 war axe (weapon)
 d - a +0 flail
 n - a +0 hunting sling
 p - the +5 spear of World Downfall {vorpal, rF+ rN+ Int-4 SInv}
   (You found it on level 2 of the Dungeon)

   It inflicts extra damage upon your enemies.
   Int:       It affects your intelligence (-4).
   rF:        It protects you from fire.
   rN:        It protects you from negative energy.
   SInv:      It lets you see invisible.
Missiles
 g - 12 sling bullets
 r - 25 arrows
 t - 25 bolts
Armour
 b - a +0 scale mail
 c - a +0 buckler (worn)
 k - a +3 ring mail of fire resistance (worn)
 q - a +0 pair of boots (worn)
Jewellery
 f - a ring of resist corrosion (left hand)
Wands
 u - a wand of digging (2)
Scrolls
 o - 3 scrolls of teleportation
Potions
 l - a potion of lignification
 m - 2 potions of mutation
 s - a potion of heal wounds


   Skills:
 + Level 4.4 Fighting
 * Level 7.2 Axes
 + Level 4.7 Armour
 + Level 1.3 Dodging
 + Level 4.3 Shields


You had 5 spell levels left.
You didn't know any spells.
Your spell library contained the following spells:

 Spells                   Type           Power      Damage    Failure   Level
 Ensorcelled Hibernation  Hex/Ice        0%         N/A       85%         2
 Passwall                 Tmut/Erth      0%         N/A       85%         2
 Swiftness                Air            0%         N/A       97%         3


Dungeon Overview and Level Annotations

Branches:
Dungeon (5/15)
 Temple: D:4-7

Altars:


Innate Abilities, Weirdness & Mutations

You have a pair of horns on your head.
You reflexively headbutt those who attack you in melee.


Message History

Something tries to affect you, but you resist.
Something hits you.
You miss something. Something hits you.
You are poisoned.
You closely miss something. Your headbutt misses something.
You feel very sick.
You hit something but do no damage. Your headbutt misses something.
You feel very sick. Something hits you.
You closely miss something.
You feel very sick. Something hits you.
You are more poisoned.
You barely miss something. Your headbutt misses something.
You feel very sick. You block something's attack.
You slash something! Your headbutt misses something.
You feel very sick. Something hits you.
You are more poisoned.
You closely miss something. Your headbutt misses something.
* * * LOW HITPOINT WARNING * * *
You feel very sick.
You miss something.
You feel your willpower return.
* * * LOW HITPOINT WARNING * * *
You feel very sick. Something hits you but does no damage.
You are lethally poisoned!
You slash something! You headbutt something.
* * * LOW HITPOINT WARNING * * *
You feel very sick. Something completely misses you.
You miss something. You headbutt something.
Reactivating autopickup.
You feel a bit more experienced.
* * * LOW HITPOINT WARNING * * *
You feel very sick.
Your Axes skill increases to level 7!
You die...

*,,,,...............,,,
#......................
#......................
#....................#*
#....................#
#....................#
#....................# *********
#..........$.........## ,,,,,,,,*
***#..@........<.....†# ,,,,,,,,*
#......>...........' ,,,,,,,,*
#..................# ,,,,,,,,*
#..................#
,,,,,,,,*****#..................#
*+****+**,**,##+##.....###+######
,,,,,*,,,,,,,,,,,+.....#,,,,,,,..
,,,,,*,,,,,,,,,,,#./...#,,,,,,...
,,,,,*,,,,,,,,,,,#.....#,,,,,....


There were no monsters in sight!

Vanquished Creatures
  Sigmund (D:4)
  A water moccasin (D:4)
  A jelly (D:4)
  Terence (D:2)
  3 gnolls (D:3)
  5 adders (D:2)
  A worm (D:2)
  2 dart slugs (D:2)
  An orc (D:2)
  3 bats
  5 endoplasms
  4 giant cockroaches
  6 goblins
  7 hobgoblins
  3 jackals (D:2)
  7 kobolds
  A quokka (D:1)
  4 ball pythons (D:1)
  2 frilled lizards
  5 rats
63 creatures vanquished.

Vanquished Creatures (others)
  17 plants (D:3)
17 creatures vanquished.

Grand Total: 80 creatures vanquished

Notes
Turn   | Place    | Note
-------+----------+-------------------------------------------
     0 | D:1      | a11behringer the Minotaur Fighter began the quest for the
                  | Orb.
     0 | D:1      | Reached XP level 1. HP: 19/19 MP: 0/0
    71 | D:1      | Reached XP level 2. HP: 27/27 MP: 1/1
   121 | D:1      | Reached skill level 3 in Axes
   419 | D:1      | Reached XP level 3. HP: 33/33 MP: 2/2
   554 | D:2      | Noticed Terence
   564 | D:2      | Killed Terence
   565 | D:2      | Reached skill level 4 in Axes
   650 | D:2      | Reached XP level 4. HP: 40/40 MP: 3/3
  1155 | D:2      | Reached skill level 5 in Axes
  1168 | D:2      | Identified the +5 spear of World Downfall {vorpal, rF+ rN+
                  | Int-4 SInv}
  1750 | D:3      | Reached XP level 5. HP: 46/46 MP: 4/4
  1936 | D:3      | You fall into a shaft and drop 2 floors!
  1936 | D:5      | Entered Level 5 of the Dungeon
  1951 | D:5      | Noticed a water moccasin
  1974 | D:4      | Killed a water moccasin
  1975 | D:4      | Reached skill level 6 in Axes
  1975 | D:4      | Reached skill level 1 in Dodging
  1996 | D:4      | Reached XP level 6. HP: 52/52 MP: 5/5
  2007 | D:4      | Noticed Sigmund
  2025 | D:4      | Killed Sigmund
  2025 | D:4      | HP: 2/52 [poisoned by Sigmund]
  2026 | D:4      | Reached skill level 7 in Axes
  2026 | D:4      | Succumbed to Sigmund's poison

Illustrated notes

Levels and vault maps discovered:
D:1:      lordsloth_arrival_two_stooges, layout_basic
D:2:      layout_basic, uniq_terence
D:3:      layout_loops_ring, ebering_ecumenical_altar_sacrificial,
          kennysheep_boxes
D:4:      layout_gridville, chequers_serial_rivers_large_a, hex_tiny,
          uniq_sigmund, uniq_pikel, uniq_grinder
D:5:      layout_basic, serial_glass, glass_columns_a, glass_columns_c,
          glass_columns_a, glass_columns_b, nicolae_shop_gadgets

Skill      XL: |  1  2  3  4  5  6 |
---------------+-------------------+-----
Axes           | 3 4 5 6 7 |  7.2
Armour         | 4 |  4.7
Shields        | 4 |  4.3
Fighting       | 4 |  4.4
Dodging        | 1 |  1.3

Action                   |  1- 3 |  4- 6 || total
-------------------------+-------+-------++-------
Melee: War axe           |    68 |    85 ||   153
       Headbutt          |     8 |    11 ||    19
  Use: Potion            |     1 |       ||     1
       Scroll            |       |     8 ||     8
Armor: Scale mail        |    35 |       ||    35
       Ring mail         |     1 |    30 ||    31
Dodge: Dodged            |    34 |    39 ||    73
Block: Buckler           |    17 |    17 ||    34

Table legend: (Time is in decaauts)
 A = Elapsed time spent in this place.
 B = Non-inter-level travel time spent in this place.
 C = Inter-level travel time spent in this place.
 D = Time resting spent in this place.
 E = Time spent auto-exploring this place.
 F = Levels seen in this place.
 G = Mean time per level.
                   A        B        C        D        E       F      G
               +--------+--------+--------+--------+--------+-----+--------+
         Total |   2073 |   1866 |    207 |      0 |   1442 |   5 |  414.6 |
       Dungeon |   2073 |   1866 |    207 |      0 |   1442 |   5 |  414.6 |
               +--------+--------+--------+--------+--------+-----+--------+

Top non-repeatable levels by time:
     D:2: 1203 daAuts
     D:1: 543 daAuts
     D:3: 229 daAuts
     D:4: 76 daAuts
     D:5: 20 daAuts
